 Dungeon Crawl Stone Soup version 0.31-a0-83-gbff143cfd1 (webtiles) character file.

Game seed: 7879950402176390739

4468 SobieckRCTest the Carver (level 10, -1/92 HPs)
             Began as a Minotaur Berserker on May 24, 2023.
             Was an Elder of Trog.
             Killed from afar by an electric eel (12 damage)
             ... with a bolt of electricity
             ... in a bailey.
             The game lasted 00:10:41 (5829 turns).

SobieckRCTest the Carver (Minotaur Berserker)       Turns: 5829, Time: 00:10:42

Health: -1/92      AC: 12    Str: 33    XL:     10   Next: 15%
Magic:  9/9        EV: 12    Int:  8    God:    Trog [****..]
Gold:   518        SH:  0    Dex:  9    Spells: 9/9 levels left

rFire   + . .        a - +0 falchion
rCold   + . .        l - orb {light}
rNeg    . . .        u - +0 chain mail of Xinos {Int+4 Slay+5}
rPois   .            (helmet restricted)
rElec   .            c - scarf {rC+ rF+}
rCorr   .            (no gloves)
SInv    .            v - +0 pair of boots
Will    .....        r - amulet of regeneration Stlth
                     w - ring of flight
HPRegen 1.15/turn    k - +6 ring of strength
MPRegen 0.11/turn

%: no passive effects
@: flying, glowing, studying Throwing
A: horns 2, retaliatory headbutt
a: Renounce Religion, Berserk, Trog's Hand, Brothers in Arms


You were in a bailey.
You worshipped Trog.
Trog was greatly pleased with you.
You visited 1 branch of the dungeon, and saw 9 of its levels.
You also visited: Bailey.

You collected 518 gold pieces.

Inventory:

Hand Weapons
 a - a +0 falchion (weapon)
 m - the +3 sling "Saric" {flame, rElec}
   (You took it off an orc on level 4 of the Dungeon)

   rElec:     It insulates you from electricity.
Missiles
 Z - 3 throwing nets
Armour
 b - a +0 animal skin
 c - a scarf of resistance (worn)
 l - an orb of light (worn)
 u - the +0 chain mail of Xinos (worn) {Int+4 Slay+5}
   (You took it off an orc on level 4 of the Dungeon)

   Int:       It affects your intelligence (+4).
   Slay:      It affects your accuracy & damage with ranged weapons and melee
   (+5).
 v - a +0 pair of boots (worn)
 x - a +2 hat
Jewellery
 k - a +6 ring of strength (right hand)
 o - a ring of poison resistance
 p - a +6 ring of intelligence
 r - an amulet of regeneration (around neck)
 w - a ring of flight (left hand)
Wands
 P - a wand of paralysis (12)
 V - a wand of flame (21)
Scrolls
 g - a scroll of silence {!r}
 h - 2 scrolls of amnesia
 j - a scroll of fear {unknown}
 q - 2 scrolls of vulnerability {unknown}
 s - 2 scrolls of immolation {unknown}
 t - 2 scrolls of enchant weapon {unknown}
 y - a scroll of brand weapon {unknown}
 B - 2 scrolls of blinking
 R - 3 scrolls of identify
 T - 2 scrolls of teleportation
Potions
 d - a potion of lignification
 e - a potion of brilliance
 f - 4 potions of heal wounds
 i - a potion of ambrosia
 n - 2 potions of degeneration
 A - a potion of mutation
 H - a potion of haste
 Q - a potion of curing


   Skills:
 + Level 9.6 Fighting
 + Level 9.7 Long Blades
 + Level 9.2 Armour
 + Level 8.4 Dodging


You had 9 spell levels left.
You didn't know any spells.
Your spell library was empty.

Dungeon Overview and Level Annotations

Branches:
Dungeon (9/15)                Orc (0/2) D:9          Bailey (1/1)
 Temple: D:4-7         Lair: D:8-11

Altars:
Elyvilon
Qazlal
Ru
Trog
Vehumet

Shops:
D:4 (   D:9 ?


Innate Abilities, Weirdness & Mutations

You have a pair of horns on your head.
You reflexively headbutt those who attack you in melee.


Message History

You hit the orc high priest.
The orc high priest is lightly wounded.
The electric eel shoots out a bolt of lightning at you!
The bolt of electricity hits you. The bolt of electricity hits you!
The bolt of electricity hits the electric eel.
The electric eel completely resists.
The orc high priest hits you but does no damage.
You hit the orc high priest but do no damage.
You headbutt the orc high priest!
The orc high priest is heavily wounded.
The smoke demon hits you but does no damage. x2
The smoke demon misses you.
The orc high priest invokes the aid of Beogh against you.
Pain shoots through your body!
The electric eel shoots out a bolt of lightning at you!
The bolt of electricity hits you! The bolt of electricity misses you.
The bolt of electricity hits the electric eel.
The electric eel completely resists.
Unknown command.
You hit the orc high priest.
The orc high priest is heavily wounded.
The smoke demon gestures at you. Beogh smites you!
Unknown command.
You barely miss the orc high priest.
The orc high priest is heavily wounded.
The electric eel shoots out a bolt of lightning at you!
The bolt of electricity hits you! x2
* * * LOW HITPOINT WARNING * * *
The bolt of electricity hits the electric eel.
The electric eel completely resists.
The orc high priest closely misses you. You furiously retaliate!
You headbutt the orc high priest!! The smoke demon hits you.
* * * LOW HITPOINT WARNING * * *
The smoke demon hits you but does no damage.
The smoke demon barely misses you.
Unknown command.
You hit the orc high priest.
You kill the orc high priest!
Trog accepts your kill.
The smoke demon disappears in a puff of smoke!
The orc knight roars a battlecry!
Unknown command.
Unknown command.
The electric eel shoots out a bolt of lightning at you!
The bolt of electricity hits you!
* * * LOW HITPOINT WARNING * * *
The electric eel shoots out a bolt of lightning at you!
The bolt of electricity hits you!
You die...

###############
≈≈≈≈≈≈≈≈≈≈≈≈≈≈≈
≈≈≈≈≈≈≈≈≈≈≈≈≈≈≈
≈≈≈≈≈≈≈≈≈≈≈≈≈≈≈
≈≈≈≈≈≈≈≈≈≈≈≈≈
≈≈≈≈≈≈≈≈≈≈≈ ≈≈≈≈
####~S~~~~~~~ ≈≈≈≈≈
+..@§.).og...
≈≈≈≈≈≈###..######.###
≈≈≈≈≈≈#.)..#!?.#
≈≈≈≈≈≈#....#??.#
≈≈≈≈≈≈#'#+##+###
≈≈≈≈≈≈~.# ≈≈≈≈≈≈~.#
≈≈≈≈≈≈~.# ≈≈≈≈≈≈~.#


You could see an orc knight, an electric eel and a goblin.

Vanquished Creatures
  An orc high priest (Bailey)
  Pikel (D:9)
  Joseph (D:8)
  The ghost of rinse the Ducker, an amateur MfGl (D:4)
  Grinder (D:3)
  Menkaure (D:4)
  A water moccasin (D:7)
  An orc warrior (Bailey)
  An ice beast (D:5)
  A sky beast (D:8)
  A black bear (D:5)
  3 ogres
  A lemure (D:9)
  2 centaurs (D:8)
  2 bullfrogs
  3 scorpions
  6 killer bees (D:9)
  An electric eel (Bailey)
  2 howler monkeys
  6 hounds
  A jelly (D:5)
  2 gnoll boudas
  4 orc priests
  2 sleepcaps
  6 iguanas
  Ijyb (D:3)
  Terence (D:2)
  Natasha (thrice) (D:3)
  3 orc wizards (D:4)
  Robin (D:3)
  8 gnolls
  6 adders
  A white imp (D:6)
  An ufetubus (D:7)
  3 worms (D:2)
  3 dart slugs
  25 orcs
  3 ball pythons
  6 bats
  4 endoplasms
  4 giant cockroaches (D:4)
  14 goblins
  5 hobgoblins
  4 jackals (D:2)
  5 quokkas
  6 frilled lizards
  4 kobolds
  6 rats
169 creatures vanquished.

Notes
Turn   | Place    | Note
-------+----------+-------------------------------------------
     0 | D:1      | SobieckRCTest the Minotaur Berserker began the quest for
                  | the Orb.
     0 | D:1      | Reached XP level 1. HP: 19/19 MP: 0/0
   188 | D:1      | Found a white marble altar of Elyvilon.
   234 | D:1      | Reached XP level 2. HP: 27/27 MP: 1/1
   706 | D:2      | Noticed Terence
   713 | D:2      | HP: 1/27 [Terence/+0 hand axe (8)]
   714 | D:2      | Killed Terence
   715 | D:2      | Reached skill level 3 in Armour
   715 | D:2      | Reached XP level 3. HP: 2/33 MP: 2/2
   884 | D:2      | Reached skill level 3 in Dodging
   910 | D:2      | Reached XP level 4. HP: 41/41 MP: 3/3
  1007 | D:2      | Reached ** piety under Trog
  1017 | D:2      | Found a white marble altar of Elyvilon.
  1342 | D:3      | Reached XP level 5. HP: 47/47 MP: 4/4
  1474 | D:3      | Noticed Robin
  1486 | D:3      | Killed Robin
  1704 | D:3      | Found a sacrificial altar of Ru.
  1714 | D:3      | Noticed Ijyb
  1715 | D:3      | Noticed Grinder
  1725 | D:3      | Killed Ijyb
  1733 | D:3      | Paralysed by Grinder for 2 turns
  1746 | D:3      | Killed Grinder
  1747 | D:3      | Reached XP level 6. HP: 42/56 MP: 5/5
  2001 | D:3      | Noticed Natasha
  2012 | D:3      | Killed Natasha
  2035 | D:3      | Noticed Natasha
  2038 | D:3      | Killed Natasha
  2203 | D:3      | Noticed Natasha
  2208 | D:3      | Killed Natasha
  2235 | D:4      | Found Ysoigu's Weapon Shop.
  2242 | D:3      | Reached XP level 7. HP: 57/62 MP: 6/6
  2251 | D:4      | Reached *** piety under Trog
  2357 | D:4      | Reached skill level 6 in Fighting
  2357 | D:4      | Reached skill level 6 in Long Blades
  2434 | D:4      | Found a bloodstained altar of Trog.
  2555 | D:4      | Noticed Menkaure
  2562 | D:4      | Killed Menkaure
  2794 | D:4      | Found a runed translucent gate.
  2794 | D:4      | Identified the +3 sling "Saric" {flame, rElec}
  2794 | D:4      | Identified the +0 chain mail of Xinos {Int+4 Slay+5}
  2795 | D:4      | Found a runed translucent gate.
  2796 | D:4      | Found a runed translucent gate.
  2797 | D:4      | Noticed rinse's ghost (amateur MfGl)
  2837 | D:4      | Killed rinse's ghost
  2838 | D:4      | Reached skill level 6 in Armour
  2838 | D:4      | Reached XP level 8. HP: 71/71 MP: 7/7
  2957 | D:5      | Entered Level 5 of the Dungeon
  3047 | D:5      | Reached skill level 6 in Dodging
  3157 | D:5      | Reached **** piety under Trog
  3464 | D:6      | Reached XP level 9. HP: 81/81 MP: 8/8
  3622 | D:6      | Found a stormy altar of Qazlal.
  4936 | D:8      | Noticed Joseph
  4951 | D:8      | HP: 2/82 [Joseph/+0 quarterstaff (5)]
  4952 | D:8      | Killed Joseph
  5304 | D:9      | Found Wextoge's Magic Scroll Emporium.
  5305 | D:9      | Noticed Pikel
  5313 | D:9      | Killed Pikel
  5314 | D:9      | Reached skill level 9 in Fighting
  5314 | D:9      | Reached skill level 9 in Long Blades
  5452 | D:9      | Found a radiant altar of Vehumet.
  5614 | D:9      | Found a flagged portal.
  5708 | D:9      | Found a staircase to the Orcish Mines.
  5734 | Bailey   | Entered a bailey
  5756 | Bailey   | Reached skill level 9 in Armour
  5810 | Bailey   | Reached XP level 10. HP: 87/91 MP: 9/9
  5817 | Bailey   | Noticed an orc high priest
  5821 | Bailey   | Noticed an orc knight
  5823 | Bailey   | Noticed a smoke demon
  5827 | Bailey   | Killed an orc high priest
  5829 | Bailey   | Killed from afar by an electric eel

Illustrated notes

Levels and vault maps discovered:
D:1:      amcnicky_arrival_feature_with_door, layout_basic, minmay_hexomino_r4
D:2:      minmay_diamond_boxcup, layout_basic, basic_altar, serial_curves,
          eino_curves_02, eino_curves_01, eino_curves_02, eino_curves_01,
          reono_crystal_passage, corexii_corridor_pit, uniq_terence
D:3:      layout_loops_corners, old_standard_altar, hex_tiny,
          minmay_misc_feat_columns, uniq_natasha, uniq_grinder, uniq_ijyb,
          uniq_robin
D:4:      layout_rooms, lemuel_doored_altar, serial_shops,
          nicolae_shop_tiny_waterfront, biasface_ghost_orc_armoury,
          uniq_menkaure
D:5:      layout_rooms, st_stairs_7, dk_noncrumbling_3, minmay_manual_mail
D:6:      layout_cave_pods, grunt_qazlal_sundering
D:7:      layout_basic, minmay_temple_entry_mist
D:8:      layout_gridville, uniq_joseph
D:9:      layout_basic, vehumet_crystals, amcnicky_altar_gilded,
          mainiacjoe_overflow_cross_hatched, orc_0_dummy, serial_shops,
          nicolae_shop_advertising_works [nicolae_subvault_shop_adworks],
          enter_bailey_8, uniq_pikel
Bailey:   bailey_axe_of_yendor_kennysheep, bailey

Skill      XL: |  1  2  3  4  5  6  7  8  9 |
---------------+----------------------------+-----
Long Blades    | 4 5 6 8 9 |  9.7
Fighting       | 4 5 6 7 9 |  9.6
Armour         | 3 4 5 6 7 9 |  9.2
Dodging        | 3 4 5 6 8 |  8.4

Action                     |  1- 3 |  4- 6 |  7- 9 | 10-12 || total
---------------------------+-------+-------+-------+-------++-------
  Melee: Falchion          |    48 |   123 |   272 |     7 ||   450
         Headbutt          |    10 |    31 |    81 |     2 ||   124
         Punch             |     1 |       |       |       ||     1
 Invoke: Berserk           |       |       |     1 |       ||     1
    Use: Scroll            |       |       |    11 |       ||    11
   Stab: Sleeping          |     1 |       |       |       ||     1
 Armour: Animal skin       |     8 |     6 |       |       ||    14
         Chain mail        |       |    14 |   133 |     5 ||   152
  Dodge: Dodged            |    32 |    59 |   164 |     6 ||   261

Table legend: (Time is in decaauts)
 A = Elapsed time spent in this place.
 B = Non-inter-level travel time spent in this place.
 C = Inter-level travel time spent in this place.
 D = Time resting spent in this place.
 E = Time spent auto-exploring this place.
 F = Levels seen in this place.
 G = Mean time per level.
                   A        B        C        D        E       F      G
               +--------+--------+--------+--------+--------+-----+--------+
         Total |   5826 |   5524 |    302 |    220 |   4104 |  10 |  582.6 |
       Dungeon |   5735 |   5433 |    302 |    220 |   4036 |   9 |  637.2 |
        Bailey |     91 |     91 |      0 |      0 |     68 |   1 |   91.0 |
               +--------+--------+--------+--------+--------+-----+--------+

Top non-repeatable levels by time:
     D:3: 840 daAuts
     D:6: 727 daAuts
     D:4: 724 daAuts
     D:2: 720 daAuts
     D:8: 711 daAuts
     D:1: 691 daAuts
     D:5: 477 daAuts
     D:9: 430 daAuts
     D:7: 412 daAuts
  Bailey: 91 daAuts
